 Dungeon Crawl Stone Soup version 0.18.1-8-gdd0e5ea (webtiles) character file.

1362 M4edhros the Martial Artist (level 8, -5/51 HPs)
             Began as an Octopode Necromancer on June 7, 2016.
             Killed from afar by an orc wizard (11 damage)
             ... with a puff of flame
             ... on level 5 of the Dungeon.
             The game lasted 00:15:53 (2590 turns).

M4edhros the Martial Artist (Octopode Necromancer)  Turns: 2590, Time: 00:15:54

Health: -5/51      AC:  6    Str:  7    XL:     8   Next: 64%
Magic:  0/11       EV: 13    Int: 18    God:
Gold:   309        SH:  0    Dex: 14    Spells: 3 memorised, 6 levels left

rFire  . . .     SeeInvis .     g - +2 flail (protect)
rCold  . . .     Gourm    .     (no shield)
rNeg   . . .     Faith    .     (helmet restricted)
rPois  .         Spirit   .     (no amulet)
rElec  .         Dismiss  .     (no ring)
rCorr  .         Reflect  .     (no ring)
SustAt .         Harm     .     (no ring)
MR     .....                    (no ring)
Stlth  ++++......               (no ring)
                                (no ring)
                                (no ring)
                                (no ring)

@: lethally poisoned (-5 -> -6), about to teleport, not resistant to hostile
enchantments, stealthy
A: almost no armour, amphibious, 8 rings, constrict 8, camouflage 1, gelatinous
body 1
a: no special abilities


You were on level 5 of the Dungeon.
You were not hungry.

You visited 1 branch of the dungeon, and saw 8 of its levels.

You collected 309 gold pieces.

Inventory:

Hand Weapons
 d - a +3 whip
 g - a +2 flail of protection (weapon)
 h - a +0 blowgun
 j - a +6 club
 u - a +1 dagger of venom
Wands
 p - a wand of random effects (0/48)
Scrolls
 c - a scroll of magic mapping {unknown}
 f - 2 scrolls of remove curse {unknown}
 l - 2 scrolls of noise
 m - a scroll of recharging
 q - a scroll of identify
 t - a scroll of fear {unknown}
Potions
 i - a potion of brilliance
Books
 a - a book of Necromancy

   Spells                             Type                      Level
   a - Pain                           Necromancy                   1
   b - Animate Skeleton               Necromancy                   1
   c - Vampiric Draining              Necromancy                   3
   d - Regeneration                   Charms/Necromancy            3
   e - Animate Dead                   Necromancy                   4
   f - Control Undead                 Necromancy                   4
Comestibles
 b - 4 bread rations
 k - 2 slices of pizza
 o - a royal jelly
 s - 2 fruits


   Skills:
 + Level 2.4 Fighting
 + Level 3.3 Dodging
 + Level 4.5 Stealth
 + Level 9.1 Unarmed Combat
 - Level 2.0 Spellcasting
 - Level 4.0 Necromancy


You had 6 spell levels left.
You knew the following spells:

 Your Spells              Type           Power        Failure   Level  Hunger
a - Pain                  Necr           ###.         3%          1    #......
b - Animate Skeleton      Necr           N/A          3%          1    #......
r - Regeneration          Chrm/Necr      #.........   24%         3    ###....


Dungeon Overview and Level Annotations

Branches:
Dungeon (8/15)
 Temple: D:4-7         Lair: D:8-11

Altars:
Ru
Sif Muna
Vehumet

Annotations:
D:2 Robin


Innate Abilities, Weirdness & Mutations

You cannot wear most types of armour.
You are amphibious.
You can wear up to eight rings at the same time.
You can use your tentacles to constrict eight enemies at once.
Your skin changes colour to match your surroundings (Stealth).
Your rubbery body absorbs attacks (AC +1).


Message History

* * * LOW HITPOINT WARNING * * *
Drink which item? (? for menu, Esc to quit)
Okay, then.
Casting: Regeneration
Confirm with . or Enter, or press ? or * to list all spells.
Aiming: Pain
Press: ? - help, Shift-Dir - straight line, f - orc
Aim: an orc, wielding a dagger and wearing a chain mail (chance to defeat MR: 93%) Nothing appears to happen.
Something hits you.
* * * LOW HITPOINT WARNING * * *
Drink which item? (? for menu, Esc to quit)
Okay, then.
Read which item? (? for menu, Esc to quit)
As you read the scroll of teleportation, it crumbles to dust.
You feel strangely unstable.
Something hits you but does no damage. x2
You feel sick.
You hear some strange, mumbled words.
A puff of flame appears from out of thin air!
The puff of flame hits you!
You die...

#.######
#.oo..#
#.####@##.#
#>..# #####


You could see 2 orcs.

Vanquished Creatures
  Menkaure (D:4)
  A sky beast (D:3)
  3 phantoms (D:4)
  2 ogres
  3 giant frogs
  A howler monkey (D:4)
  A gnoll shaman (D:7)
  4 orc priests
  2 worker ants
  Ijyb (D:2)
  8 adders
  5 gnolls
  A shadow imp (D:4)
  2 oozes (D:2)
  An adder skeleton (D:6)
  2 giant geckos
  8 orcs
  6 bats
  3 giant cockroaches
  3 goblins
  4 hobgoblins
  4 jackals
  9 kobolds
  A quokka (D:2)
  A giant newt (D:1)
  A quokka skeleton (D:6)
  5 rats
83 creatures vanquished.

Vanquished Creatures (collateral kills)
  Blork the orc (D:4)
  An orc wizard (D:7)
  A giant frog skeleton (D:7)
  An adder (D:3)
  An orc (D:7)
  2 bats (D:3)
  A giant newt (D:3)
  2 goblins
  A kobold (D:2)
  A rat (D:2)
12 creatures vanquished.

Grand Total: 95 creatures vanquished

Notes
Turn   | Place    | Note
--------------------------------------------------------------
     0 | D:1      | M4edhros the Octopode Necromancer began the quest for the Orb.
     0 | D:1      | Reached XP level 1. HP: 11/11 MP: 3/3
    60 | D:1      | Reached skill level 1 in Unarmed Combat
   220 | D:1      | Reached XP level 2. HP: 17/17 MP: 5/5
   223 | D:1      | Learned a level 1 spell: Animate Skeleton
   318 | D:1      | Reached skill level 2 in Unarmed Combat
   442 | D:2      | Reached XP level 3. HP: 16/21 MP: 6/6
   447 | D:2      | Learned a level 3 spell: Regeneration
   465 | D:2      | Found a deep blue altar of Sif Muna.
   508 | D:2      | Found a radiant altar of Vehumet.
   584 | D:2      | Reached skill level 3 in Unarmed Combat
   589 | D:2      | Noticed Ijyb
   602 | D:2      | Killed Ijyb
   602 | D:2      | Reached XP level 4. HP: 6/27 MP: 3/7
   685 | D:2      | Noticed Robin
   758 | D:3      | Found a sacrificial altar of Ru.
   795 | D:3      | Noticed a sky beast
   822 | D:3      | Killed a sky beast
   822 | D:3      | Reached skill level 4 in Unarmed Combat
   822 | D:3      | Reached XP level 5. HP: 18/31 MP: 4/8
   861 | D:3      | Reached skill level 5 in Unarmed Combat
   890 | D:4      | Noticed Blork the orc
   890 | D:4      | Noticed a phantom
  1232 | D:4      | Noticed a phantom
  1324 | D:4      | Killed a phantom
  1324 | D:4      | Reached skill level 6 in Unarmed Combat
  1324 | D:4      | Reached XP level 6. HP: 18/36 MP: 1/9
  1461 | D:5      | Entered Level 5 of the Dungeon
  1529 | D:4      | Reached skill level 7 in Unarmed Combat
  1529 | D:4      | Reached XP level 7. HP: 15/41 MP: 7/10
  1625 | D:4      | Killed Blork the orc
  1707 | D:4      | Reached skill level 8 in Unarmed Combat
  1807 | D:4      | Noticed Menkaure
  1812 | D:4      | Killed Menkaure
  1868 | D:5      | You fall through a shaft for 2 floors!
  1921 | D:7      | Reached XP level 8. HP: 35/46 MP: 7/11
  2118 | D:7      | Reached skill level 1 in Fighting
  2374 | D:7      | Reached skill level 9 in Unarmed Combat
  2590 | D:5      | Killed from afar by an orc wizard

Skill      XL: |  1  2  3  4  5  6  7  8 |
---------------+-------------------------+-----
Unarmed Combat | 1 2 3 4 6 7 8 9 |  9.1
Stealth        | 4 |  4.5
Fighting       | 2 |  2.4
Dodging        | 3 |  3.3
Spellcasting   | |  2.0
Necromancy     | |  4.0

Action                   |  1- 3 |  4- 6 |  7- 9 || total
-------------------------+-------+-------+-------++-------
Melee: Whip              |    43 |       |       ||    43
       Unarmed           |     5 |       |    11 ||    16
       Tentacles         |     6 |    14 |    15 ||    35
       Constrict         |     8 |    12 |    22 ||    42
       Club              |       |   104 |     7 ||   111
       Punch             |       |     2 |     7 ||     9
       Flail             |       |       |    84 ||    84
       Dagger            |       |       |     7 ||     7
 Cast: Animate Skeleton  |     4 |     9 |    11 ||    24
       Regeneration      |     3 |    21 |    21 ||    45
       Pain              |       |     2 |     1 ||     3
Evoke: Wand              |       |       |     8 ||     8
  Use: Potion            |       |     5 |     2 ||     7
       Scroll            |       |       |     6 ||     6
 Stab: Sleeping          |     4 |     2 |     1 ||     7
  Eat: Chunk             |       |     6 |     9 ||    15
Armor: Skin              |     4 |    10 |    31 ||    45
Dodge: Dodged            |    31 |    65 |    78 ||   174
